 Dungeon Crawl Stone Soup version 0.19.3-4-gbf9329e (webtiles) character file.

1365 Gargoyl the Chopper (level 8, -1/67 HPs)
             Began as a Ghoul Abyssal Knight on Jan 27, 2017.
             Was a Priest of Lugonu.
             Killed by a spatial distortion (4 damage)
             ... on level 7 of the Dungeon.
             The game lasted 00:11:57 (5716 turns).

Gargoyl the Chopper (Ghoul Abyssal Knight)          Turns: 5716, Time: 00:11:57

Health: -1/67      AC: 13    Str: 21    XL:     8   Next: 65%
Magic:  10/10      EV: 14    Int:  7    God:    Lugonu [***...]
Gold:   293        SH:  0    Dex: 15    Spells: 0 memorised, 7 levels left

rFire  . . .     SeeInvis .     d - +4 broad axe (flame)
rCold  + . .     Gourm    .     j - +0 chain mail
rNeg   + + +     Faith    .     (no shield)
rPois  ∞         Spirit   .     (no helmet)
rElec  .         Reflect  .     (no cloak)
rCorr  .         Harm     .     m - +2 pair of gloves
MR     .....                    (no boots)
Stlth  ..........               (no amulet)
                                (no ring)
                                w - +5 ring of strength

@: agile, very slightly contaminated, rotting, hasted, very quick
A: rotting body, claws 1, carnivore 3, cold resistance 1, negative energy
resistance 3, slow regeneration 1, torment resistance, unbreathing
a: Depart the Abyss, Bend Space, Banish, Renounce Religion


You were on level 7 of the Dungeon.
You worshipped Lugonu.
Lugonu was most pleased with you.
You were not hungry.

You visited 1 branch of the dungeon, and saw 7 of its levels.
You visited the Abyss 1 time.

You collected 293 gold pieces.

Inventory:

Hand Weapons
 d - a +4 broad axe of flaming (weapon)
 q - a +0 war axe
Missiles
 p - 7 javelins (quivered)
Armour
 j - a +0 chain mail (worn)
 m - a +2 pair of gloves (worn)
Rods
 y - a +0 lightning rod (10/10)
   (You found it on level 6 of the Dungeon)
Jewellery
 w - a +5 ring of strength (left hand)
Wands
 u - a wand of flame (0/48)
 v - a wand of random effects (25/48)
Scrolls
 a - a scroll of random uselessness {unknown}
 b - 3 scrolls of remove curse
 f - 3 scrolls of magic mapping
 h - a scroll of fear {unknown}
 o - 2 scrolls of amnesia
 s - a scroll of teleportation
 t - a scroll of immolation {unknown}
 A - a scroll of identify
Potions
 e - 3 potions of haste
 g - a potion of magic {unknown}
 i - a potion of lignification
 k - a potion of agility
 l - 2 potions of flight {unknown}
 r - a potion of brilliance {unknown}
Books
 z - a book of Geomancy

   Spells                             Type                      Level
   a - Sandblast                      Earth                        1
   b - Passwall                       Transmutation/Earth          2
   c - Stone Arrow                    Conjuration/Earth            3
   d - Petrify                        Transmutation/Earth          4
   e - Lee's Rapid Deconstruction     Earth                        5
Comestibles
 c - 4 meat rations
 n - 2 royal jellies


   Skills:
 + Level 4.4 Fighting
 + Level 5.9 Axes
 + Level 1.0 Throwing
 * Level 5.8 Armour
 + Level 2.1 Dodging
 * Level 4.5 Invocations


You had 7 spell levels left.
You didn't know any spells.

Dungeon Overview and Level Annotations

Branches:
Dungeon (7/15)
 Temple: D:4-7

Altars:
Dithmenos
Elyvilon
Gozag
Makhleb
Nemelex Xobeh
Ru
Sif Muna
Uskayaw
Vehumet
Xom
The Shining One


Innate Abilities, Weirdness & Mutations

Your body is rotting away.
You thrive on raw meat.
You are immune to poison.
You have sharp fingernails.
You are carnivorous and can eat meat at any time.
Your flesh is cold resistant. (rC+)
You are immune to negative energy. (rN+++)
You regenerate slowly when monsters are visible.
You are immune to unholy pain and torment.
You can survive without breathing.


Message History

The crocodile closely misses you.
You closely miss the crocodile.
The crocodile is severely wounded.
The crocodile bites you!
* * * LOW HITPOINT WARNING * * *
Unknown command.
Okay, then.
Okay, then.
It was a potion of haste.
You feel yourself speed up.
The crimson imp hits you but does no damage.
The crocodile bites you but does no damage.
You are very lightly contaminated with residual magic.
It was a potion of lignification.
You feel woody for a moment.
The crimson imp hits you but does no damage.
The crocodile bites you but does no damage.
It was a potion of agility.
You feel agile all of a sudden. The crimson imp closely misses you.
Space bends around you!
You blink.
You die...

####. ..# ..##/
#.##
#.##.##..#####
#.##.....#...##
#.##..........#(
+@#.............
#.....)t†.......
#.....5§(.....(.
#...<...(.....##
.......<†#...##
........######
.........
...).....##
.........


You could see a crocodile and a crimson imp.

Vanquished Creatures
  2 ogres (D:4)
  A centaur (D:7)
  A bullfrog (D:6)
  A wyvern zombie (D:4)
  A scorpion (D:6)
  3 howler monkeys (D:4)
  A crimson imp (D:5)
  3 centaur zombies
  2 hounds
  A centaur skeleton (D:6)
  3 orc priests
  A bullfrog skeleton (D:5)
  3 jellies
  2 orc wizards
  An iguana (D:4)
  4 worker ants
  A hound skeleton (D:5)
  4 gnolls (D:6)
  7 adders
  3 worms
  3 dart slugs
  3 leopard geckos
  12 orcs
  A ball python (D:3)
  8 bats
  6 giant cockroaches
  3 goblins
  12 hobgoblins
  9 jackals
  5 kobolds
  3 quokkas
  6 frilled lizards
  A jackal skeleton (D:4)
  A leopard gecko zombie (D:4)
  5 rats
123 creatures vanquished.

Notes
Turn   | Place    | Note
-------+----------+-------------------------------------------
     0 | Abyss:1  | Gargoyl the Ghoul Abyssal Knight began the quest for the Orb.
     0 | Abyss:1  | Reached XP level 1. HP: 19/19 MP: 1/1
    24 | Abyss:1  | Noticed a smoke demon
    37 | Abyss:2  | Noticed a yellow draconian
    38 | D:1      | Escaped the Abyss
   671 | D:1      | Reached XP level 2. HP: 23/26 MP: 2/2
   749 | D:1      | Reached skill level 1 in Dodging
  1416 | D:1      | Reached XP level 3. HP: 20/33 MP: 3/3
  1531 | D:2      | Reached * piety under Lugonu
  1639 | D:2      | Found a faded altar of an unknown god.
  2045 | D:3      | Found a glowing golden altar of the Shining One.
  2045 | D:3      | Found a faded altar of an unknown god.
  2050 | D:3      | Found a faded altar of an unknown god.
  2052 | D:3      | Found a faded altar of an unknown god.
  2054 | D:3      | Found a faded altar of an unknown god.
  2103 | D:3      | Reached XP level 4. HP: 40/40 MP: 4/4
  2264 | D:3      | Reached XP level 5. HP: 33/46 MP: 5/5
  2363 | D:3      | Reached ** piety under Lugonu
  2453 | D:3      | Found a burning altar of Makhleb.
  2871 | D:3      | Found a white marble altar of Elyvilon.
  2874 | D:3      | Found a sparkling altar of Nemelex Xobeh.
  3115 | D:4      | Reached XP level 6. HP: 5/52 MP: 7/7
  3463 | D:4      | Found an opulent altar of Gozag.
  3612 | D:4      | Got an ichor-stained mace
  3634 | D:4      | Identified the cursed +1 mace "Zohosk" {venom, rPois rF++ rC- Stlth+} (You found it on level 4 of the Dungeon)
  3756 | D:4      | Reached XP level 7. HP: 52/59 MP: 8/8
  3785 | D:4      | Found a sacrificial altar of Ru.
  4279 | D:5      | Entered Level 5 of the Dungeon
  4300 | D:5      | Reached skill level 1 in Throwing
  4406 | D:5      | Reached skill level 5 in Axes
  4476 | D:5      | Got a distressingly furry shield
  4482 | D:5      | Identified the +5 shield of the World {*Corrode Dex+7 Slay-5} (You found it on level 5 of the Dungeon)
  4556 | D:5      | Found a deep blue altar of Sif Muna.
  4562 | D:5      | Reached XP level 8. HP: 65/66 MP: 9/9
  4613 | D:5      | Found a radiant altar of Vehumet.
  4613 | D:5      | Found a burning altar of Makhleb.
  4741 | D:5      | Found a shimmering altar of Xom.
  4759 | D:5      | Found a hide-covered altar of Uskayaw.
  4764 | D:5      | Reached skill level 5 in Armour
  5015 | D:6      | Reached *** piety under Lugonu
  5190 | D:6      | Found a shadowy altar of Dithmenos.
  5712 | D:7      | HP: 2/67 [crocodile (7)]
  5716 | D:7      | Killed by a spatial distortion

Skill      XL: |  1  2  3  4  5  6  7  8 |
---------------+-------------------------+-----
Armour         | 2 3 4 5 |  5.8
Dodging        | 1 2 |  2.1
Axes           | 2 3 5 |  5.9
Invocations    | 3 4 |  4.5
Fighting       | 4 |  4.4
Throwing       | 1 |  1.0

Action                   |  1- 3 |  4- 6 |  7- 9 || total
-------------------------+-------+-------+-------++-------
Melee: Broad axe         |   139 |   121 |   120 ||   380
Throw: Javelin           |       |     2 |     6 ||     8
Invok: Depart the Abyss  |     1 |       |       ||     1
  Use: Scroll            |     6 |     7 |     2 ||    15
       Potion            |       |       |     3 ||     3
  Eat: Chunk             |    21 |    10 |    16 ||    47
Armor: Leather armour    |     4 |       |       ||     4
       Ring mail         |    67 |    52 |       ||   119
       Scale mail        |       |    10 |       ||    10
       Chain mail        |       |     4 |    87 ||    91
Dodge: Dodged            |   101 |   100 |    56 ||   257
